 Dungeon Crawl Stone Soup version 0.28.0-53-g5a82cb258f (webtiles) character file.

Game seed: 18445721818481912246

3336 cbfl8 the Cleaver (level 9, -7/121 HPs)
             Began as a Minotaur Berserker on Nov 25, 2022.
             Was an Elder of Trog.
             Mangled by a yak (9 damage)
             ... on level 8 of the Dungeon on Nov 29, 2022.
             The game lasted 00:07:50 (7225 turns).

cbfl8 the Cleaver (Minotaur Berserker)              Turns: 7225, Time: 00:07:50

Health: -7/121     AC: 12    Str: 22    XL:     9   Next: 72%
Magic:  8/8        EV: 10    Int:  4    God:    Trog [****..]
Gold:   273        SH:  0    Dex: 14    Spells: 8/8 levels left

rFire   . . .      SeeInvis +   f - +0 broad axe
rCold   . . .      Faith    .   (no shield)
rNeg    . . .      Spirit   .   y - +0 chain mail
rPois   .          Reflect  .   (helmet restricted)
rElec   .          Harm     .   q - scarf {shadows}
rCorr   .          Rampage  .   a - +0 pair of gloves
Will    +....                   (no boots)
Stlth   ..........              (no amulet)
HPRegen 0.30/turn               b - ring of willpower
MPRegen 0.11/turn               s - ring of see invisible

@: berserking, very quick
A: horns 2, retaliatory headbutt
a: Renounce Religion, Berserk, Trog's Hand, Brothers in Arms


You were on level 8 of the Dungeon.
You worshipped Trog.
Trog was greatly pleased with you.
You visited 1 branch of the dungeon, and saw 8 of its levels.

You collected 311 gold pieces.
You spent 38 gold pieces at shops.

Inventory:

Hand Weapons
 f - a +0 broad axe (weapon)
Armour
 a - a +0 pair of gloves (worn)
 l - a +0 cloak
 q - a scarf of shadows (worn)
 y - a +0 chain mail (worn)
Jewellery
 b - a ring of willpower (left hand)
 p - a ring of protection from fire
 s - a ring of see invisible (right hand)
 z - a ring of positive energy
Wands
 u - a wand of digging (2)
Scrolls
 d - a scroll of enchant weapon
 g - a scroll of blinking
 k - 2 scrolls of acquirement
 n - a scroll of magic mapping {unknown}
 o - 3 scrolls of fear
 r - a scroll of teleportation {unknown}
 t - a scroll of enchant armour {unknown}
 v - a scroll of noise {unknown}
 w - a scroll of fog {unknown}
 A - a scroll of amnesia {unknown}
Potions
 c - 4 potions of curing {unknown}
 e - 2 potions of mutation {unknown}
 h - a potion of berserk rage {unknown}
 i - 2 potions of flight {unknown}
 j - 2 potions of haste
 m - a potion of invisibility {unknown}
 x - a potion of attraction {unknown}
 B - a potion of heal wounds {unknown}


   Skills:
 * Level 7.8 Fighting
 * Level 11.9 Axes
 + Level 8.2 Armour
 * Level 4.6 Dodging
 + Level 1.0 Stealth
 * Level 1.8 Evocations


You had 8 spell levels left.
You didn't know any spells.
Your spell library was empty.

Dungeon Overview and Level Annotations

Branches:
Dungeon (8/15)             Temple (0/1) D:5
   Lair: D:8-11

Altars:
Nemelex Xobeh
Sif Muna

Shops:
D:4 (   D:7 *


Innate Abilities, Weirdness & Mutations

You have a pair of horns on your head.
You reflexively headbutt those who attack you in melee.


Message History

* * * LOW HITPOINT WARNING * * *
You are too berserk!
You hit the yak.
The yak is almost dead.
You slash the yak! You hit the yak. You hit the orc warrior.
You closely miss the black bear.
The orc warrior hits you with a +3 hand axe!
* * * LOW HITPOINT WARNING * * *
The black bear goes berserk!
The yak completely misses you. The yak gores you but does no damage.
You slice the orc warrior!!
You kill the orc warrior!
Trog accepts your kill.
You slash the yak!
You hit the yak. x2; You slash the black bear!
You feel the power of Trog in you as your rage grows.
You kill the black bear!
Trog accepts your kill.
You can now call in reinforcements.
The yak gores you.
* * * LOW HITPOINT WARNING * * *
You slash the yak!
You kill the yak!
Trog accepts your kill.
You slash the yak! You closely miss the yak. You hit the yak.
You hit the centaur zombie. You hit the orc. The yak gores you!
* * * LOW HITPOINT WARNING * * *
The centaur zombie hits you but does no damage.
The centaur zombie barely misses you. The orc hits you but does no damage.
The yak gores you.
* * * LOW HITPOINT WARNING * * *
You slash the orc!
You feel the power of Trog in you as your rage grows.
You kill the orc!
Trog accepts your kill.
You slash the centaur zombie! You hit the yak. You completely miss the yak.
You slash the yak!
You feel the power of Trog in you as your rage grows.
You kill the yak!
Trog accepts your kill. The yak gores you!
You die...

......#..# #.
#.........##....
#.......#.#.....
#..............
#.......Y......
#.....)..?....
#.))@Z......#
###.YY<...#
#########


You could see 3 yaks and a centaur zombie.

Vanquished Creatures
  Pikel (D:4)
  Grinder (D:6)
  3 yaks (D:8)
  A water moccasin (D:7)
  An orc warrior (D:8)
  2 ice beasts
  5 black bears
  3 necrophages
  4 centaurs (D:7)
  A lemure (D:4)
  3 bullfrogs
  Blork the orc (D:4)
  A wyvern zombie (D:7)
  2 vampire bats (D:5)
  3 wights (D:7)
  A centaur zombie (D:5)
  A centaur skeleton (D:5)
  2 hounds (D:4)
  4 orc wizards
  A killer bee zombie (D:5)
  A hound skeleton (D:4)
  8 gnolls
  2 adders
  A worm (D:2)
  3 dart slugs
  16 orcs
  5 ball pythons
  6 endoplasms
  2 giant cockroaches (D:2)
  7 goblins
  8 hobgoblins
  A quokka (D:1)
  15 bats
  6 frilled lizards
  7 kobolds
  9 rats
138 creatures vanquished.

Notes
Turn   | Place    | Note
-------+----------+-------------------------------------------
     0 | D:1      | cbfl8 the Minotaur Berserker began the quest for the Orb.
     0 | D:1      | Reached XP level 1. HP: 19/19 MP: 0/0
   212 | D:1      | Reached XP level 2. HP: 27/27 MP: 1/1
   228 | D:1      | Reached skill level 4 in Axes
   350 | D:1      | Found a faded altar of an unknown god.
   820 | D:2      | Reached ** piety under Trog
   950 | D:2      | Reached XP level 3. HP: 33/33 MP: 2/2
  1239 | D:2      | Reached XP level 4. HP: 41/41 MP: 3/3
  1605 | D:3      | Reached skill level 5 in Axes
  2020 | D:3      | Found a shimmering blue altar of Sif Muna.
  2132 | D:3      | Reached XP level 5. HP: 34/47 MP: 4/4
  2997 | D:4      | Found Iwnyoc's Weapon Shoppe.
  3191 | D:4      | Noticed Blork the orc
  3192 | D:4      | Noticed a lemure
  3193 | D:4      | Noticed Pikel
  3193 | D:4      | Noticed a lemure
  3194 | D:4      | Noticed a lemure
  3200 | D:4      | Noticed a lemure
  3204 | D:4      | Killed Blork the orc
  3204 | D:4      | Killed a lemure
  3205 | D:4      | Reached skill level 6 in Axes
  3206 | D:4      | Killed Pikel
  3207 | D:4      | Reached skill level 5 in Fighting
  3207 | D:4      | Reached skill level 7 in Axes
  3207 | D:4      | Reached skill level 5 in Armour
  3207 | D:4      | Reached XP level 6. HP: 56/56 MP: 5/5
  3207 | D:4      | Reached XP level 7. HP: 61/61 MP: 6/6
  3385 | D:4      | Reached skill level 8 in Axes
  3385 | D:4      | Reached skill level 1 in Stealth
  4291 | D:4      | Bought a +0 war axe for 38 gold pieces
  4317 | D:4      | Identified a scroll of acquirement
  4386 | D:5      | Entered Level 5 of the Dungeon
  4504 | D:5      | Reached XP level 8. HP: 61/70 MP: 7/7
  4673 | D:5      | Reached *** piety under Trog
  4779 | D:5      | Reached skill level 9 in Axes
  4962 | D:5      | Found a staircase to the Ecumenical Temple.
  5111 | D:6      | You fall into a shaft and drop 1 floor!
  5373 | D:6      | Reached skill level 10 in Axes
  5585 | D:6      | Noticed Grinder
  5591 | D:6      | Killed Grinder
  6025 | D:7      | Reached XP level 9. HP: 42/78 MP: 8/8
  6265 | D:7      | Found Caqyol's Lightly-Used Armoury.
  6360 | D:7      | Reached skill level 11 in Axes
  6623 | D:7      | Reached skill level 1 in Evocations
  7028 | D:7      | Found a sparkling altar of Nemelex Xobeh.
  7223 | D:8      | Reached **** piety under Trog
  7224 | D:8      | HP: 4/120 [yak (13)]
  7225 | D:8      | Mangled by a yak

Illustrated notes

Levels and vault maps discovered:
D:1:      sevenhm_arrival_forest_fort_large_2, layout_basic,
          ebering_ecumenical_altar_box, amcnicky_mini_rare_corridor_liquid,
          minmay_pentomino_q2
D:2:      layout_basic, hex_intersection
D:3:      kb_forest_paths, layout_basic, mainiacjoe_overflow_small_starburst
D:4:      layout_layer_cave, serial_shops, nicolae_shop_waterfront,
          uniq_blork_the_orc, uniq_pikel
D:5:      black_bear_nest_2, layout_rooms, minmay_temple_entry_nine_rooms,
          roderic_batcave
D:6:      layout_cave_pools, uniq_grinder
D:7:      layout_loops_ring, mainiacjoe_overflow_alcove_2, minmay_shop_damaged,
          dk_noncrumbling_4
D:8:      minmay_s_stair_smasher, layout_loops_corners,
          nicolae_dithmenos_through_a_glass_darkly, enter_bailey_3

Skill      XL: |  1  2  3  4  5  6  7  8  9 |
---------------+----------------------------+-----
Axes           | 4 5 7 8 10 11 | 11.9
Fighting       | 4 5 6 7 |  7.8
Armour         | 3 5 6 7 8 |  8.2
Dodging        | 3 4 |  4.6
Stealth        | 1 |  1.0
Evocations     | 1 |  1.8

Action                   |  1- 3 |  4- 6 |  7- 9 || total
-------------------------+-------+-------+-------++-------
Melee: Hand axe          |    60 |    65 |    28 ||   153
       Headbutt          |    11 |    14 |    38 ||    63
       Punch             |     1 |       |     4 ||     5
       War axe           |       |       |   111 ||   111
       Broad axe         |       |       |    72 ||    72
Invok: Berserk           |       |     2 |     1 ||     3
  Use: Scroll            |       |       |     5 ||     5
Armor: Animal skin       |     2 |       |       ||     2
       Scale mail        |    21 |    19 |    84 ||   124
       Chain mail        |       |       |    60 ||    60
Dodge: Dodged            |    31 |    28 |   152 ||   211
